 Dungeon Crawl Stone Soup version 0.31.0-9-g3a7656b989 (webtiles) character file.

Game seed: 870581773177156973

289 apoch the Chopper (level 6, -8/51 HPs)
             Began as a Hill Orc Fighter on Jan 24, 2024.
             Was an Initiate of Qazlal.
             Mangled by an ogre
             ... wielding a +0 giant club
              (17 damage)
             ... on level 4 of the Dungeon.
             The game lasted 00:07:43 (4220 turns).

apoch the Chopper (Hill Orc Fighter)                Turns: 4220, Time: 00:07:44

Health: -8/51      AC: 11    Str: 21    XL:     6   Next: 31%
Magic:  8/8        EV:  7    Int:  8    God:    Qazlal [......]
Gold:   246        SH:  4    Dex: 10    Spells: 5/5 levels left

rFire   . . .        a - +0 war axe
rCold   . . .        c - +0 buckler
rNeg    . . .        j - +1 chain mail
rPois   .            (no helmet)
rElec   .            f - +0 cloak
rCorr   .            (no gloves)
SInv    .            (no boots)
Will    .....        (no amulet) Stlth
                     (no ring)
HPRegen 0.28/turn    (no ring)
MPRegen 0.11/turn

%: no passive effects
@: no status effects
A: no striking features
a: Renounce Religion


You were on level 4 of the Dungeon.
You worshipped Qazlal.
Qazlal was noncommittal.
You visited 1 branch of the dungeon, and saw 5 of its levels.

You collected 246 gold pieces.

Inventory:

Hand Weapons
 a - a +0 war axe (weapon)
 h - a +0 flail
Missiles
 q - 27 stones (quivered)
Armour
 b - a +0 scale mail
 c - a +0 buckler (worn)
 f - a +0 cloak (worn)
 j - a +1 chain mail (worn)
Wands
 s - a wand of flame (12)
Scrolls
 n - 2 scrolls of teleportation
 v - 3 scrolls of immolation
Potions
 d - a potion of might
 g - 5 potions of curing
 l - a potion of attraction
 w - a potion of mutation
 x - 2 potions of heal wounds
 z - a potion of brilliance {unknown}


   Skills:
 - Level 3.6 Fighting
 + Level 7.9 Axes
 - Level 3.2 Armour
 - Level 3.2 Shields
 + Level 2.8 Invocations


You had 5 spell levels left.
You didn't know any spells.
Your spell library was empty.

Dungeon Overview and Level Annotations

Branches:
Dungeon (5/15)
 Temple: D:4-7

Altars:
Okawaru
Qazlal
Trog
Wu Jian
Xom


Message History

You slash the adder!
The adder is almost dead.
The adder bites you but does no damage. You block the adder's attack.
You slash the adder!
You kill the adder!
Qazlal accepts your kill.
You see here an adder corpse.
You start resting.
HP restored.
There is a stone staircase leading down here.
You climb downwards.
The ogre barely misses you.
There is a stone staircase leading up here.
The ogre barely misses you.
You climb upwards.
There is a stone staircase leading down here.
You completely miss the ogre.
The ogre hits you with a +0 giant club!!
Ouch! That really hurt!
You barely miss the ogre. The ogre barely misses you.
You hit the ogre.
The ogre is lightly wounded.
You hit the ogre.
The ogre is moderately wounded.
The ogre closely misses you.
You hit the ogre.
The ogre is heavily wounded.
The ogre hits you with a +0 giant club!
* * * LOW HITPOINT WARNING * * *
You hit the ogre.
The ogre is heavily wounded.
You block the ogre's attack.
You barely miss the ogre.
The ogre is heavily wounded.
You barely miss the ogre.
The ogre is heavily wounded.
The ogre barely misses you.
You hit the ogre.
The ogre is heavily wounded.
The ogre hits you with a +0 giant club!
You die...

..##..##........##
.....###.........#
....####.........##
....# #..#..)####.##
....###..#..## ##.#
....##..##..# ####
..#..#..#..## ##.##
###....##..# ###.#.#
###........# ##@.####
#...###...####O†##
##..## ##..##....#
#..## ##...#...##
...# #.....###.#
...######.....###.##
...............###.##
######.......#...#..#
# ##......##...###


You could see an ogre.

Vanquished Creatures
  A howler monkey (D:4)
  An orc priest (D:4)
  An iguana (D:4)
  Terence (D:2)
  9 adders
  3 ribbon worms (D:2)
  4 dart slugs (D:2)
  4 orcs (D:4)
  4 ball pythons
  4 endoplasms
  4 goblins
  11 hobgoblins
  8 jackals
  A quokka (D:3)
  4 bats
  5 frilled lizards
  3 kobolds
  A rat (D:1)
69 creatures vanquished.

Notes
Turn   | Place    | Note
-------+----------+-------------------------------------------
     0 | D:1      | apoch the Hill Orc Fighter began the quest for the Orb.
     0 | D:1      | Reached XP level 1. HP: 19/19 MP: 1/1
   147 | D:1      | You fall into a shaft and drop 1 floor!
   190 | D:2      | Reached skill level 3 in Axes
   190 | D:2      | Reached XP level 2. HP: 26/26 MP: 2/2
   196 | D:2      | Reached skill level 4 in Axes
   276 | D:2      | Reached XP level 3. HP: 31/31 MP: 3/3
   309 | D:2      | Reached skill level 5 in Axes
   341 | D:2      | Noticed Terence
   350 | D:2      | Killed Terence
   351 | D:2      | Reached XP level 4. HP: 32/39 MP: 4/4
   608 | D:1      | Found a faded altar of an unknown god.
   853 | D:1      | Reached skill level 6 in Axes
  1825 | D:3      | Reached XP level 5. HP: 45/45 MP: 5/5
  1999 | D:3      | Reached skill level 7 in Axes
  2440 | D:3      | Found an ornate altar of the Wu Jian Council.
  2797 | D:4      | Found a stormy altar of Qazlal.
  2801 | D:4      | Became a worshipper of Qazlal Stormbringer
  2865 | D:4      | Reached skill level 1 in Invocations
  3204 | D:4      | Found an iron altar of Okawaru.
  3351 | D:4      | Reached XP level 6. HP: 37/51 MP: 7/7
  4086 | D:3      | Found a shimmering altar of Xom.
  4086 | D:3      | Found a bloodstained altar of Trog.
  4104 | D:5      | Entered Level 5 of the Dungeon
  4220 | D:4      | Mangled by an ogre

Illustrated notes

Levels and vault maps discovered:
D:1:      dpeg_arrival_brainrot, layout_loops_ring,
          shapermc_ecumenical_altar_mp_vishouse
D:2:      layout_loops_ring, serial_bayou, serial_bayou_lagoon_a,
          serial_bayou_shore_b, serial_bayou_ford_a, serial_bayou_pond_e,
          minmay_tetromino_s4, uniq_terence
D:3:      layout_loops_corners, nicolae_overflow_hidden_temple
D:4:      layout_layer_cave, mainiacjoe_overflow_surrounded_room,
          mainiacjoe_overflow_alcove_4
D:5:      layout_basic, tso_oasis_becter, lightli_temple_of_fire, serial_rivers,
          chequers_serial_rivers_small_3, chequers_serial_rivers_large_b,
          chequers_serial_rivers_room_b, chequers_serial_rivers_large_a,
          chequers_serial_rivers_room_b, chequers_serial_rivers_micro_d

Skill      XL: |  1  2  3  4  5 |
---------------+----------------+-----
Axes           | 3 4 5 6 7 |  7.9
Invocations    | 2 |  2.8
Fighting       | |  3.6
Armour         | |  3.2
Shields        | |  3.2

Action                     |  1- 3 |  4- 6 || total
---------------------------+-------+-------++-------
  Melee: War axe           |    51 |   194 ||   245
  Throw: Stone             |       |    12 ||    12
    Use: Scroll            |       |    14 ||    14
 Armour: Scale mail        |    32 |    20 ||    52
         Chain mail        |       |    97 ||    97
  Dodge: Dodged            |    27 |    80 ||   107
  Block: Buckler           |    17 |    30 ||    47
